 Dungeon Crawl Stone Soup version 0.28-a0-691-gad6df49e81 (webtiles) character file.

Game seed: 7474149434057608513

240 demibob the Spear-Bearer (level 6, 44/44 HPs)
             Began as a Merfolk Gladiator on Oct 21, 2021.
             Was a Follower of Makhleb.
             Quit the game on level 3 of the Dungeon.
             The game lasted 00:03:01 (1806 turns).

demibob the Spear-Bearer (Merfolk Gladiator)        Turns: 1806, Time: 00:03:02

Health: 44/44      AC:  5    Str: 15    XL:     6   Next: 8%
Magic:  6/6        EV: 13    Int:  7    God:    Makhleb [*.....]
Gold:   42         SH:  0    Dex: 17    Spells: 5/5 levels left

rFire   . . .      SeeInvis .   a - +1 trident
rCold   . . .      Faith    .   (no shield)
rNeg    . . .      Spirit   .   b - +0 leather armour
rPois   .          Reflect  .   c - +1 helmet
rElec   .          Harm     .   (no cloak)
rCorr   .          Rampage  .   (no gloves)
Will    .....                   (no boots)
Stlth   +.........              (no amulet)
HPRegen 0.14/turn               (no ring)
MPRegen 0.10/turn               (no ring)

@: no status effects
A: (nimble swimmer 2), mertail
a: Renounce Religion


You were on level 3 of the Dungeon.
You worshipped Makhleb.
Makhleb was aware of your devotion.
You visited 1 branch of the dungeon, and saw 3 of its levels.

You collected 63 gold pieces.
You spent 21 gold pieces at shops.


Innate Abilities, Weirdness & Mutations

((You are quick and stealthy near water. (Stealth+, EV+, Speed+++)))
Your lower body shifts to a powerful aquatic tail in water.


   Skills:
 - Level 2.1 Fighting
 + Level 9.5 Polearms
 - Level 2.0 Throwing
 - Level 4.0 Dodging


You had 5 spell levels left.
You didn't know any spells.
Your spell library was empty.

Inventory:

Hand Weapons
 a - a +1 trident (weapon)
Missiles
 d - 4 throwing nets (quivered) {=f}
Armour
 b - a +0 leather armour (worn)
 c - a +1 helmet (worn)
Magical Staves
 h - a staff of death {!a}
Scrolls
 f - a scroll of enchant weapon
Potions
 e - a potion of curing {unknown}
 i - a potion of flight {unknown}
 k - a potion of degeneration {unknown}
 l - 2 potions of mutation
 m - a potion of brilliance {unknown}
 n - a potion of heal wounds {@q2}

Dungeon Overview and Level Annotations

Branches:
Dungeon (3/15)

Altars:
Makhleb
Wu Jian

Shops:
D:2

* #.......$.#
#.........####
#.<..........
#.....>....#
#......P..P#
#...)...P.######
#......P..#⚑#..# .#
#....$...≈#.#..#...#
#######..#.≈†@.....#
#...#P.P⌠..P..#
#....#....⌠.PP.#
#..P.#.≈.P..P.##
#...#...PPP...#
###P#......P..#
#......######
......#


There were no monsters in sight!


Message History

The adder moves out of view.
You see here 17 gold pieces.
An adder is nearby!
No target in view!
No target in view!
Your legs become a tail as you enter the water.
No target in view!
No target in view!
No target in view!
Found a faded altar of an unknown god.
Your legs become a tail as you enter the water.
You reach to attack!
You barely miss the adder.
The adder hisses angrily.
You hit the adder.
The adder is heavily wounded.
The adder closely misses you.
You hit the adder.
The adder is severely wounded.
The adder closely misses you.
You puncture the adder!
You kill the adder!
No target in view!
No target in view!
There is a faded altar of an unknown god here.
You cannot tell which god this altar belongs to.
Convert to them anyway?
Makhleb accepts your prayer! Makhleb welcomes you!
You can now gain health from killing.
You see here an adder corpse.
Are you sure you want to abandon this character and quit the game? (Confirm with "yes".)

Skill      XL: |  1  2  3 |
---------------+----------+-----
Polearms       | 5 6 9 |  9.5
Fighting       | |  2.1
Throwing       | |  2.0
Dodging        | |  4.0

Action                   |  1- 3 |  4- 6 || total
-------------------------+-------+-------++-------
Melee: Trident           |    87 |    39 ||   126
  Use: Scroll            |     4 |     5 ||     9
 Stab: Sleeping          |     1 |       ||     1
       Distracted        |       |     1 ||     1
Armor: Leather armour    |    14 |     4 ||    18
Dodge: Dodged            |    42 |    22 ||    64

Levels and vault maps discovered:
D:1:      dpeg_arrival_windows_large_door, layout_basic
D:2:      layout_basic, serial_shops, shop, basic_altar, uniq_sigmund
D:3:      layout_basic, trog_butcher_becter,
          shapermc_ecumenical_altar_mp_ritualfount

Notes
Turn   | Place    | Note
-------+----------+-------------------------------------------
     0 | D:1      | demibob the Merfolk Gladiator began the quest for the Orb.
     0 | D:1      | Reached XP level 1. HP: 16/16 MP: 1/1
   170 | D:1      | Reached skill level 5 in Polearms
   407 | D:1      | Reached XP level 2. HP: 22/22 MP: 2/2
   799 | D:1      | Reached skill level 6 in Polearms
   799 | D:1      | Reached XP level 3. HP: 27/27 MP: 3/3
  1172 | D:2      | Found Fufaf's Assorted Antiques.
  1173 | D:2      | Noticed Sigmund
  1186 | D:2      | Killed Sigmund
  1187 | D:2      | Reached skill level 9 in Polearms
  1187 | D:2      | Reached XP level 4. HP: 31/33 MP: 4/4
  1187 | D:2      | Reached XP level 5. HP: 36/38 MP: 5/5
  1318 | D:2      | Reached XP level 6. HP: 33/44 MP: 6/6
  1403 | D:2      | Bought a scroll labelled FEAQEO LEGORPH for 21 gold pieces
  1733 | D:2      | Found an ornate altar of the Wu Jian Council.
  1794 | D:3      | Found a faded altar of an unknown god.
  1802 | D:3      | Prayed at the altar of an unknown god.
  1802 | D:3      | Became a worshipper of Makhleb the Destroyer
  1802 | D:3      | Reached * piety under Makhleb
  1806 | D:3      | Quit the game

Vanquished Creatures
  Sigmund (D:2)
  3 adders
  4 dart slugs
  6 ball pythons
  7 endoplasms
  4 goblins (D:1)
  3 jackals (D:2)
  2 quokkas
  3 bats
  3 frilled lizards
  8 kobolds
  3 rats
47 creatures vanquished.

Table legend: (Time is in decaauts)
 A = Elapsed time spent in this place.
 B = Non-inter-level travel time spent in this place.
 C = Inter-level travel time spent in this place.
 D = Time resting spent in this place.
 E = Time spent auto-exploring this place.
 F = Levels seen in this place.
 G = Mean time per level.
                   A        B        C        D        E       F      G
               +--------+--------+--------+--------+--------+-----+--------+
         Total |   1800 |   1777 |     23 |    393 |   1083 |   3 |  600.0 |
       Dungeon |   1800 |   1777 |     23 |    393 |   1083 |   3 |  600.0 |
               +--------+--------+--------+--------+--------+-----+--------+

Top non-repeatable levels by time:
     D:1: 1058 daAuts
     D:2: 720 daAuts
     D:3: 21 daAuts

Table legend:
 A = Non-vault XP
 B = Vault XP
 C = Vault XP percentage of total XP
 D = Non-vault monster count
 E = Vault monster count
 F = Vault count percentage of total count
                 A         B        C        D         E       F
            +---------+---------+-------+---------+---------+-------
      Total |     120 |     223 |  65.0 |      46 |       1 |   2.1
            +---------+---------+-------+---------+---------+-------
        D:1 |      35 |       0 |   0.0 |      20 |       0 |   0.0
        D:2 |      70 |     223 |  76.1 |      24 |       1 |   4.0
        D:3 |      15 |       0 |   0.0 |       2 |       0 |   0.0
            +---------+---------+-------+---------+---------+-------
